 Dungeon Crawl Stone Soup version 0.19.4-8-ga85b6b9 (console) character file.

16736 lanroth the Blocker (level 12, 0/91 HPs)
             Began as a Human Fighter on Feb 8, 2017.
             Slain by a nine-headed hydra (11 damage)
             ... on level 3 of the Lair of Beasts on Feb 9, 2017.
             The game lasted 04:06:31 (13843 turns).

lanroth the Blocker (Human Fighter)                Turns: 13843, Time: 04:06:35

Health: 0/91       AC: 17    Str: 18    XL:     12   Next: 73%
Magic:  12/12      EV:  9    Int: 10    God:
Gold:   709        SH: 14    Dex: 15    Spells: 1 memorised, 10 levels left

rFire  + . .     SeeInvis .     a - +4 scimitar
rCold  . . .     Gourm    .     N - +0 plate armour
rNeg   . . .     Faith    .     c - +2 shield
rPois  .         Spirit   .     V - +0 helmet
rElec  .         Reflect  .     L - +0 cloak
rCorr  .         Harm     .     S - +0 pair of gloves
MR     +....     Clarity  +     (no boots)
Stlth  ..........               (no amulet)
                                u - +3 ring of evasion
                                X - ring of Leis {rF+ MR+}

@: about to teleport
A: clarity, regeneration 1, wild magic 2
a: no special abilities


You were on level 3 of the Lair of Beasts.
You were not hungry.

You visited 2 branches of the dungeon, and saw 13 of its levels.

You collected 787 gold pieces.
You spent 78 gold pieces at shops.

Inventory:

Hand Weapons
 a - a +4 scimitar (weapon)
 b - a +0 hunting sling
 m - a +4 dire flail of crushing
 M - a +3 short sword of freezing
 O - the +11 trident "Fymor" {pierce, rElec Str+3, unknown}
   (You found it on level 2 of the Lair of Beasts)

   It inflicts extra damage upon your enemies.
   It affects your strength (+3).
   It insulates you from electricity.
Missiles
 j - 86 sling bullets
 W - 3 silver tomahawks (quivered)
Armour
 c - a +2 shield (worn)
 I - a +3 ring mail of fire resistance
 L - a +0 cloak (worn)
 N - a +0 plate armour (worn)
 S - a +0 pair of gloves (worn)
 V - a +0 helmet (worn)
Jewellery
 k - an uncursed ring of positive energy
 o - an uncursed ring of stealth
 u - a +3 ring of evasion (right hand)
 w - an uncursed ring of protection from cold
 G - an uncursed ring of flight
 R - an uncursed ring of ice
 X - the ring of Leis (left hand) {rF+ MR+}
   (You found it on level 4 of the Dungeon)

   [ring of protection from magic]

   It protects you from fire.
   It affects your resistance to hostile enchantments.
Wands
 n - a wand of lightning (6/15)
 s - a wand of iceblast (9/15)
 y - a wand of flame (9/48)
 z - a wand of lightning (5/15)
 B - a wand of lightning (5/15)
 F - a wand of lightning (7/15)
 J - a wand of iceblast (4/15)
 Y - a wand of paralysis (13/24)
 Z - a wand of acid (4/15)
Scrolls
 e - 2 scrolls of magic mapping
 g - 3 scrolls of identify
 q - 3 scrolls of recharging
 A - 4 scrolls of remove curse
Potions
 d - a potion of cure mutation
 i - 2 potions of curing
 r - a potion of brilliance
 t - a potion of heal wounds
 v - a potion of resistance
 x - a potion of might
 K - 2 potions of magic
 Q - 2 potions of flight
Books
 H - a book of Misfortune

   Spells                             Type                      Level
   a - Confusing Touch                Hexes                        1
   b - Confuse                        Hexes                        3
   c - Gell's Gravitas                Hexes/Translocation          3
   d - Petrify                        Transmutation/Earth          4
   e - Metabolic Englaciation         Hexes/Ice                    5
   f - Yara's Violent Unravelling     Hexes/Transmutation          5
Miscellaneous
 p - a fan of gales
 P - a disc of storms
Comestibles
 f - 4 bread rations
 l - 6 beef jerkies
 C - a slice of pizza
 E - a meat ration


   Skills:
 + Level 7.6 Fighting
 + Level 0.2(6.0) Short Blades
 + Level 9.6 Long Blades
 + Level 5.9 Maces & Flails
 + Level 3.7(4.3) Slings
 + Level 3.2(4.0) Throwing
 + Level 8.1 Armour
 + Level 2.2 Dodging
 + Level 5.3 Stealth
 * Level 11.0 Shields
 + Level 0.2 Hexes
 + Level 0.6 Evocations


You had 10 spell levels left.
You knew the following spells:

 Your Spells              Type           Power        Failure   Level  Hunger
a - Confusing Touch       Hex            #.....       100%        1    ##.....


Dungeon Overview and Level Annotations

Branches:
Dungeon (9/15)             Temple (0/1) D:7            Lair (4/6) D:9
    Orc (0/2) D:9
  Swamp: Lair:2-4    Shoals: Lair:2-4     Snake: Lair:2-4    Spider: Lair:2-4

Altars:
Elyvilon
Hepliaklqana
Kikubaaqudgha
Sif Muna
Trog
Uskayaw
Xom
Yredelemnul

Shops:
D:6 [   D:7 }   D:9 :

Annotations:
Lair:1 exclusion: 4 oklob plants


Innate Abilities, Weirdness & Mutations

You possess an exceptional clarity of mind.
Your natural rate of healing is unusually fast.
Your spells are harder to cast, but more powerful.


Message History

The nine-headed hydra bites you but does no damage.
You block the nine-headed hydra's attack.
The nine-headed hydra bites you but does no damage. x2
The nine-headed hydra bites you. The nine-headed hydra bites you!
* * * LOW HITPOINT WARNING * * *
The nine-headed hydra bites you!
* * * LOW HITPOINT WARNING * * *
The nine-headed hydra bites you but does no damage.
Unknown command.
As you read the scroll of teleportation, it crumbles to dust.
You feel strangely unstable.
You block the nine-headed hydra's attack.
The nine-headed hydra bites you but does no damage.
You block the nine-headed hydra's attack.
The nine-headed hydra bites you.
* * * LOW HITPOINT WARNING * * *
You block the nine-headed hydra's attack.
The nine-headed hydra bites you but does no damage.
The nine-headed hydra bites you!
You die...

###### ### ### ### #########.##P# ####.## ########
##.#######P###
#####.#P#...#....###.###.###.#.#..####.###.##...#.#
#.......^................[.............?...........
##.............................#.#.##.....P#.#.##..#
#..............##....#+##.....##.#.##.....######.##.
#....P.'.##P...####....###....##..........# #######.
##...P#...##...#.##.PP..###...##...##.....###....+.+
#........#.....##.......##...##...##......##....###
##....#...#....###......###...##...#......###....###
#.....#...##...# ##...#.# #...##...#....(.###....'.'
##...###.###...###.#P...###........#.......#######..
#P...#####.#....##.P.+#...#....######......### ##.#.
##.............................#P####........###..P.
##..................................................
#P........................####......................
##.........@...........(..######....................
#...........D............##..≈####..................
#P.......................##..P.≈##.........##.##P.#.
##.#..P..P#.#............##≈.≈.P≈##........#...####.
##..#.#P..##.<...........###≈.≈≈.##.........#....#..
#..####...#PPP..#.###......#.#%.≈.#........##.....#.
##.###....'.....#.8.#......###†...#........#.....##.
#.##.....##P..#.....#...?.................##....#P.
##.###....##P..#8.>.8......................P#....##.
##..#
#....##...............................##....##.
#.#.#
##..###...##...#.......................#....##.
##..###...#
#...###..##......................#†#.....
#..#.#...#######.....#.#.................(..........
#..........###..........##........!.................
#.........##....##.......##..........^..............
##........#..#.#.....#.#..................##.#######
#......................#.................##.#######
#.#..#.P#..#...8...8...#.....#.#..#......#........#
#.###...+..#.....>.....#....#......#.....##........
##..###..#......8...8...#.....#.....##....#........#
#..###.......#...............##.....#.....##.......#
##.##P.........##....#.#......#.....#.....P#.......#
#.##.....##....#...#.....#..##.....##....#####...##
#..#..#....##.........###...#..............P###..##
#.##P.####.#.##.......###......######..............
#..#...#.###..###.####.......#..####...............
#......................(...........................
##..................................................
#............)......................................
##..................................................
#....####.#.#.....P..####...........................
##...## #..#.........P.##................P.#.####.#.
#...)###.#.#................####+##..#...########..
#...###...##..........#.....# #.######.#.......##<
#........#.#..........#.....####...###..##.......#.
#...P....#.....>##.....+....##......##..#.......##.


You could see a nine-headed hydra.

Vanquished Creatures
  The ghost of Azzok the Cleaver, a novice HOFi (D:6)
  An oklob plant (Lair:1)
  7 spiny frogs
  2 komodo dragons
  3 polar bears (Lair:1)
  2 hippogriffs
  3 blink frogs
  22 yaks
  Sigmund (D:6)
  A wyvern (D:9)
  2 basilisks (Lair:1)
  A hungry ghost (D:9)
  Edmund (D:4)
  2 wargs (D:9)
  9 water moccasins
  Duvessa (D:6)
  3 porcupines (Lair:3)
  2 ice beasts
  2 sky beasts
  6 orc warriors
  5 phantoms
  7 ogres
  5 wolves
  5 centaurs
  6 crocodiles
  Blork the orc (D:6)
  9 bullfrogs
  Dowan (D:6)
  4 scorpions
  6 killer bees (D:9)
  5 wights (D:7)
  2 howler monkeys
  6 crimson imps
  A bullfrog skeleton (D:8)
  5 hounds
  A jelly (D:6)
  3 orc priests
  15 orc wizards
  2 hell rats (Lair:3)
  6 worker ants
  A howler monkey zombie (D:9)
  2 hound skeletons (D:8)
  Robin (D:4)
  4 gnolls
  10 adders
  8 river rats (Lair:3)
  A shadow imp (D:5)
  2 oozes
  2 adder skeletons
  An adder zombie (D:6)
  A worm (D:2)
  3 dart slugs
  5 leopard geckos
  39 orcs
  2 ball pythons
  5 giant cockroaches
  19 goblins
  7 hobgoblins
  8 jackals
  3 kobolds
  6 quokkas
  7 bats
  3 frilled lizards
  A leopard gecko zombie (D:6)
  A quokka skeleton (D:6)
  A quokka zombie (D:7)
  12 rats
  6 plants
328 creatures vanquished.

Vanquished Creatures (others)
  2 fungi
  2 plants (Lair:1)
4 creatures vanquished.

Grand Total: 332 creatures vanquished

Notes
Turn   | Place    | Note
-------+----------+-------------------------------------------
     0 | D:1      | lanroth the Human Fighter began the quest for the Orb.
     0 | D:1      | Reached XP level 1. HP: 18/18 MP: 1/1
    66 | D:1      | Reached XP level 2. HP: 23/24 MP: 2/2
   564 | D:1      | Reached XP level 3. HP: 29/29 MP: 3/3
  1018 | D:2      | Reached XP level 4. HP: 25/35 MP: 4/4
  1798 | D:3      | Learned a level 1 spell: Confusing Touch
  1881 | D:3      | Reached XP level 5. HP: 32/41 MP: 5/5
  1967 | D:3      | Found a hide-covered altar of Uskayaw.
  1967 | D:3      | Found a deep blue altar of Sif Muna.
  2370 | D:3      | Reached skill level 4 in Shields
  2453 | D:4      | Noticed Robin
  2479 | D:4      | Killed Robin
  2484 | D:4      | Reached XP level 6. HP: 22/47 MP: 6/6
  2537 | D:4      | Noticed Edmund
  2570 | D:3      | Reached skill level 1 in Dodging
  2570 | D:3      | Reached skill level 1 in Stealth
  2570 | D:3      | Reached skill level 5 in Shields
  2887 | D:4      | Killed Edmund
  2887 | D:4      | Reached skill level 1 in Throwing
  2887 | D:4      | Reached XP level 7. HP: 10/53 MP: 7/7
  2910 | D:4      | Got a vibrating brass ring
  3140 | D:3      | Identified the ring of Leis {rF+ MR+} (You found it on level 4 of the Dungeon)
  3784 | D:5      | Entered Level 5 of the Dungeon
  3795 | D:5      | Reached skill level 1 in Maces & Flails
  3900 | D:5      | Found a basalt altar of Yredelemnul.
  3953 | D:5      | Reached XP level 8. HP: 60/60 MP: 8/8
  4000 | D:5      | Reached skill level 6 in Shields
  4489 | D:6      | Learned a level 1 spell: Confusing Touch
  4490 | D:6      | Noticed Sigmund
  5096 | D:6      | Killed Sigmund
  5146 | D:6      | Reached XP level 9. HP: 42/66 MP: 9/9
  5232 | D:6      | Noticed Duvessa
  5233 | D:6      | Noticed Dowan
  5243 | D:6      | Killed Duvessa
  5247 | D:6      | Killed Dowan
  5247 | D:6      | Reached skill level 1 in Slings
  5315 | D:6      | Reached skill level 7 in Shields
  5383 | D:6      | Noticed Blork the orc
  5395 | D:6      | Killed Blork the orc
  5593 | D:6      | Found Rehio's Armour Shop.
  5597 | D:6      | Found an ancient bone altar of Kikubaaqudgha.
  5668 | D:6      | Found a white marble altar of Elyvilon.
  5805 | D:6      | Noticed Azzok's ghost (novice HOFi)
  5836 | D:6      | Killed Azzok's ghost
  5836 | D:6      | Reached skill level 5 in Fighting
  5836 | D:6      | Reached skill level 5 in Maces & Flails
  5836 | D:6      | Reached skill level 5 in Armour
  6163 | D:7      | Found a bloodstained altar of Trog.
  6291 | D:7      | Found a staircase to the Ecumenical Temple.
  6364 | D:7      | Reached XP level 10. HP: 34/74 MP: 10/10
  6598 | D:7      | Reached skill level 5 in Stealth
  6737 | D:7      | Found a hazy altar of Hepliaklqana.
  7127 | D:7      | Found Vitsotedgh's Gadget Shop.
  7135 | D:7      | Bought a wand of flame (10/48) for 78 gold pieces
  7487 | D:8      | Gained mutation: Your spells are a little harder to cast, but a little more powerful. [potion of mutation]
  7487 | D:8      | Gained mutation: You possess an exceptional clarity of mind. [potion of mutation]
  7487 | D:8      | Gained mutation: Your natural rate of healing is unusually fast. [potion of mutation]
  7613 | D:8      | Reached skill level 8 in Shields
  7969 | D:8      | Reached skill level 5 in Long Blades
  8012 | D:8      | Found a shimmering altar of Xom.
  8503 | D:9      | Found Epteful's Book Shop.
  8774 | D:9      | Reached XP level 11. HP: 73/81 MP: 11/11
  9205 | D:9      | Reached skill level 9 in Shields
  9318 | D:9      | Found a staircase to the Lair.
  9332 | D:9      | Found a staircase to the Orcish Mines.
  9401 | Lair:1   | Entered Level 1 of the Lair of Beasts
 10206 | Lair:1   | Noticed an oklob plant
 10395 | Lair:1   | Reached skill level 10 in Shields
 10792 | Lair:1   | Reached XP level 12. HP: 47/89 MP: 12/12
 11237 | Lair:1   | HP: 3/89 [acid (8)]
 12535 | Lair:2   | Got a shimmering trident
 13341 | Lair:3   | Gained mutation: Your spells are harder to cast, but more powerful. [potion of beneficial mutation]
 13509 | Lair:3   | Reached skill level 11 in Shields
 13833 | Lair:4   | Noticed a six-headed hydra
 13843 | Lair:3   | Slain by a nine-headed hydra

Skill      XL: |  1  2  3  4  5  6  7  8  9 10 11 12 |
---------------+-------------------------------------+-----
Long Blades    | 3 5 8 9 |  9.6
Shields        | 4 5 6 7 8 10 11 | 11.0
Dodging        | 1 2 |  2.2
Stealth        | 1 2 3 4 5 |  5.3
Throwing       | 1 2 3 |  3.2
Armour         | 4 5 6 7 8 |  8.1
Maces & Flails | 1 3 5 |  5.9
Fighting       | 4 5 6 7 |  7.6
Slings         | 2 3 |  3.7
Short Blades   | |  0.2
Hexes          | |  0.2
Evocations     | |  0.6

Action                   |  1- 3 |  4- 6 |  7- 9 | 10-12 || total
-------------------------+-------+-------+-------+-------++-------
Melee: Long sword        |    87 |   208 |       |       ||   295
       Dire flail        |       |       |   252 |    25 ||   277
       Scimitar          |       |       |       |  1005 ||  1005
       Short sword       |       |       |       |    20 ||    20
       Whip              |       |       |       |     1 ||     1
 Fire: Hunting sling     |       |       |    29 |    56 ||    85
       Shortbow          |       |       |       |     3 ||     3
Throw: Stone             |    11 |    41 |    78 |       ||   130
       Tomahawk          |       |       |       |    40 ||    40
 Abil: Evoke Flight      |       |       |       |     1 ||     1
Evoke: Wand              |       |     4 |     1 |     8 ||    13
  Use: Potion            |     3 |     9 |     6 |     3 ||    21
       Scroll            |     5 |     3 |     6 |    15 ||    29
  Eat: Chunk             |     1 |     6 |     5 |     6 ||    18
       Meat ration       |       |       |     1 |     2 ||     3
       Royal jelly       |       |       |     1 |       ||     1
       Bread ration      |       |       |       |     3 ||     3
       Fruit             |       |       |       |     2 ||     2
       Pizza             |       |       |       |     1 ||     1
Armor: Scale mail        |    40 |    64 |    68 |       ||   172
       Plate armour      |       |       |    23 |   357 ||   380
       Chain mail        |       |       |       |     3 ||     3
Dodge: Dodged            |    25 |    81 |   157 |   251 ||   514
Block: Shield            |    43 |   122 |       |   578 ||   743
       Rpst.: Long sword |    12 |    32 |       |       ||    44
       Scimitar          |       |       |       |    57 ||    57
